 Dungeon Crawl Stone Soup version 0.32-a0-995-gb4a59205af (webtiles) character file.

Game seed: 14733440854181759366

315 jasper the Ruffian (level 6, -4/35 HPs)
             Began as a Gargoyle Gladiator on Apr 22, 2024.
             Splashed by a jelly's acid (10 damage)
             ... on level 4 of the Dungeon.
             The game lasted 00:04:52 (3267 turns).

jasper the Ruffian (Gargoyle Gladiator)             Turns: 3267, Time: 00:04:53

Health: -4/35      AC: 10    Str: 15 (17) XL:     6   Next: 43%
Magic:  6/6        EV:  6    Int:  7 (9)  God:
Gold:   75         SH:  0    Dex: 11 (13) Spells: 5/5 levels left

rFire   . .          .
                       - Unarmed
rCold   . . .        (no shield)
rNeg    + . .        c - +0 chain mail
rPois   ∞            b - +0 helmet
rElec   +            k - +0 cloak
rCorr   .            (no gloves)
SInv    .            (no boots)
Will    .....        (no amulet) Stlth
                     (no ring)
HPRegen 0.25/turn    (no ring)
MPRegen 0.10/turn

%: no passive effects
@: corroded
A: sickness immunity, AC +4, negative energy resistance 1, electricity
resistance, torment resistance 1, petrification resistance
a: no special abilities


You were on level 4 of the Dungeon.
You visited 1 branch of the dungeon, and saw 4 of its levels.

You collected 75 gold pieces.

Inventory:

Missiles
 e - 15 stones (quivered)
 o - 7 javelins
Armour
 a - a +0 leather armour
 b - a +0 helmet (worn)
 c - a +0 chain mail (worn)
 k - a +0 cloak (worn)
 l - a +0 ring mail
 m - a +0 scale mail
 n - a scarf of repulsion
Wands
 p - a wand of polymorph (11)
 q - a wand of flame (20)
Scrolls
 d - a scroll of fear {unknown}
Potions
 f - 2 potions of magic
 g - 3 potions of degeneration
 h - 2 potions of might {unknown}
 i - a potion of curing {unknown}
 j - a potion of brilliance {unknown}


   Skills:
 - Level 2.1 Fighting
 - Level 1.7 Throwing
 - Level 2.4 Dodging
 + Level 7.0 Unarmed Combat


You had 5 spell levels left.
You didn't know any spells.
Your spell library contained the following spells:

 Spells                   Type           Power      Damage    Failure   Level
 Sandblast                Erth           0%         2d4       100%        1
 Passwall                 Erth           0%         N/A       100%        3
 Stone Arrow              Conj/Erth      0%         3d7       100%        3


Dungeon Overview and Level Annotations

Branches:
Dungeon (4/15)
 Temple: D:4-7

Altars:
The Shining One


Innate Abilities, Weirdness & Mutations

You are immune to sickness and miasma.
Your stone body is resilient. (AC +4)
You are immune to poison.
You resist negative energy. (rN+)
You are resistant to electric shocks. (rElec)
You are resistant to unholy torment.
You are immune to petrification.


Message History

h - 2 sedimented red potions (gained 1)
o - 7 javelins (gained 6)
A ribbon worm and a hobgoblin come into view.
The hobgoblin shouts!
You hear a shout!
An orc comes into view. It is wielding a +0 dagger.
There are monsters nearby!
There are monsters nearby!
You barely miss the hobgoblin. You hit the hobgoblin.
You kill the hobgoblin!
A jelly comes into view.
An orc comes into view. It is wielding a +0 whip.
The ribbon worm expels a string of sticky webbing.
The stream of webbing misses you.
An orc wizard comes into view. It is wielding a +0 dagger.
The orc wizard shouts!
You hit the jelly.
Your hands burn!
The jelly is lightly wounded.
The jelly hits you but does no damage.
The orc wizard mumbles some strange words.
The orc wizard flickers and vanishes!
Deactivating autopickup; reactivate with Ctrl-A.
You take 5 damage, and have 30/35 hp.
You punch the jelly!
Your hands burn!
The jelly is severely wounded.
The jelly hits you.
You are splashed with acid!
You take 12 damage, and have 18/35 hp.
MASSIVE DAMAGE!!
You barely miss the jelly.
The jelly is severely wounded.
The jelly hits you.
You are splashed with acid!
* * * LOW HITPOINT WARNING * * *
An orc comes into view. It is wielding a +0 hand axe.
You take 11 damage, and have 7/35 hp.
MASSIVE DAMAGE!!
It was a potion of degeneration.
There was something very wrong with that liquid.
You feel weakened.
You feel dopey.
You feel clumsy. The jelly hits you.
* * * LOW HITPOINT WARNING * * *
The acid corrodes you!
You are splashed with acid!
You die...

.## ... ..# #.# ..#
#J# #.####..#
####o.{..o.#
#.@Jo...##.#
#############.##w.#.#
#.....##.......#..#
..
#.###.##.####..#....
...
#.###.##.####..##.#..
.. #.#............#
.......
###.#.#.##.##.#...
...#.. .....#.....#
...##### #.
###.......... ...#


You could see a ribbon worm, a jelly and 3 orcs.

Vanquished Creatures
  Crazy Yiuf (D:2)
  A bombardier beetle (D:3)
  Terence (D:3)
  Jessica (D:2)
  Natasha (thrice) (D:3)
  4 adders
  A gnoll (D:1)
  2 ufetubi (D:3)
  2 dart slugs
  3 ribbon worms (D:2)
  An orc (D:3)
  3 ball pythons
  4 bats
  3 endoplasms (D:1)
  4 giant cockroaches
  2 goblins
  4 hobgoblins
  3 jackals (D:1)
  4 quokkas
  6 frilled lizards
  9 kobolds
  7 rats
69 creatures vanquished.

Notes
Turn   | Place    | Note
-------+----------+-------------------------------------------
     0 | D:1      | jasper the Gargoyle Gladiator began the quest for the Orb.
     0 | D:1      | Reached XP level 1. HP: 12/12 MP: 1/1
    90 | D:1      | Reached XP level 2. HP: 10/17 MP: 2/2
   509 | D:1      | You fall into a shaft and drop 1 floor!
   530 | D:2      | Reached skill level 4 in Unarmed Combat
   585 | D:2      | Reached XP level 3. HP: 19/21 MP: 3/3
  1342 | D:2      | Reached XP level 4. HP: 26/26 MP: 4/4
  1492 | D:2      | Noticed Jessica
  1501 | D:2      | Killed Jessica
  1502 | D:2      | Reached skill level 5 in Unarmed Combat
  1871 | D:2      | Found a runed translucent door.
  1872 | D:2      | Noticed Crazy Yiuf
  1890 | D:2      | Killed Crazy Yiuf
  1891 | D:2      | Reached XP level 5. HP: 11/30 MP: 5/5
  2031 | D:3      | Reached skill level 6 in Unarmed Combat
  2222 | D:3      | Noticed Natasha
  2243 | D:3      | Killed Natasha
  2329 | D:3      | Reached XP level 6. HP: 35/35 MP: 6/6
  2439 | D:3      | Noticed Natasha
  2547 | D:3      | Killed Natasha
  2573 | D:3      | Noticed Terence
  2603 | D:3      | Killed Terence
  2704 | D:3      | Found a glowing golden altar of the Shining One.
  2913 | D:3      | Noticed Natasha
  2970 | D:3      | Killed Natasha
  2971 | D:3      | Reached skill level 7 in Unarmed Combat
  3267 | D:4      | Splashed by a jelly's acid

Illustrated notes

Levels and vault maps discovered:
D:1:      ncdulo_watergridlock, layout_basic, serial_co_window_serial,
          co_window_corner_a, co_window_paths_a, co_window_of_opportunity_a,
          co_window_corner_a, co_window_paths_a, co_window_paths_a,
          co_window_paths_c, co_window_paths_c, co_window_2corner,
          co_window_of_opportunity_b, co_window_of_opportunity_b,
          co_window_corner_cb, co_window_paths_d, glass_columns_c,
          glass_columns_a, glass_columns_a, glass_columns_a, minmay_pentomino_z2
D:2:      layout_basic, uniq_crazy_yiuf_cottage, uniq_jessica
D:3:      layout_loops_ring, lemuel_doored_altar, serial_bayou_ford_a,
          uniq_terence, uniq_natasha
D:4:      layout_loops_cross, uniq_pikel

Skill      XL: |  1  2  3  4  5  6 |
---------------+-------------------+-----
Unarmed Combat | 4 5 6 7 |  7.0
Fighting       | |  2.1
Throwing       | |  1.7
Dodging        | |  2.4

Action                     |  1- 3 |  4- 6 || total
---------------------------+-------+-------++-------
  Melee: Unarmed           |   106 |   192 ||   298
         Punch             |     2 |     8 ||    10
  Throw: Stone             |     2 |     5 ||     7
         Throwing net      |       |     4 ||     4
         Javelin           |       |     2 ||     2
    Use: Scroll            |     3 |     1 ||     4
         Potion            |       |     1 ||     1
   Stab: Sleeping          |     1 |       ||     1
         Held in net/web   |       |     3 ||     3
 Armour: Leather armour    |    52 |    81 ||   133
         Ring mail         |       |    31 ||    31
         Chain mail        |       |    30 ||    30
         Skin              |       |     1 ||     1
  Dodge: Dodged            |    56 |    96 ||   152

Table legend: (Time is in decaauts)
 A = Elapsed time spent in this place.
 B = Non-inter-level travel time spent in this place.
 C = Inter-level travel time spent in this place.
 D = Time resting spent in this place.
 E = Time spent auto-exploring this place.
 F = Levels seen in this place.
 G = Mean time per level.
                   A        B        C        D        E       F      G
               +--------+--------+--------+--------+--------+-----+--------+
         Total |   3224 |   3118 |    106 |    113 |   2234 |   4 |  806.0 |
       Dungeon |   3224 |   3118 |    106 |    113 |   2234 |   4 |  806.0 |
               +--------+--------+--------+--------+--------+-----+--------+

Top non-repeatable levels by time:
     D:3: 1184 daAuts
     D:1: 1155 daAuts
     D:2: 836 daAuts
     D:4: 47 daAuts
